 Dungeon Crawl Stone Soup version 0.29-a0-414-g5075937ec3 (webtiles) character file.

Game seed: 8906393412809685771

25466 croobank the Covert (level 13, -10/99 (104) HPs)
             Began as a Gnoll Delver on May 15, 2022.
             Was an Initiate of Gozag.
             Mangled by a death yak (33 damage)
             ... on level 3 of the Lair of Beasts.
             The game lasted 01:55:33 (14282 turns).

croobank the Covert (Gnoll Delver)                 Turns: 14282, Time: 01:55:33

HP:   -10/99 (104)  AC: 15    Str: 18    XL:     13   Next: 19%
MP:   12/25         EV: 15    Int: 15    God:    Gozag
Gold: 2586          SH:  0    Dex: 13    Spells: 4/28 levels left

rFire   + . .      SeeInvis .   t - +3 quarterstaff (chaos)
rCold   x . .      Faith    .   (shield currently unavailable)
rNeg    . . .      Spirit   .   q - +0 leather armour
rPois   .          Reflect  .   (helmet restricted)
rElec   .          Harm     .   u - +2 cloak {Stlth+}
rCorr   .          Rampage  .   X - +2 pair of gloves {infuse}
Will    .....      Clarity  +   (no boots)
Stlth   ++++++....              l - amulet of regeneration
HPRegen 1.06/turn               i - ring of fire
MPRegen 0.19/turn               H - +6 ring of strength

@: ice-armoured, gold aura, freezing walls, hasted, studying Maces & Flails,
lightly drained, very quick
A: fangs 1, strong nose, distributed training, horns 1, clarity, MP-powered
wands
a: Renounce Religion, Potion Petition, Call Merchant, Bribe Branch


You were on level 3 of the Lair of Beasts.
You worshipped Gozag.
Gozag was most pleased with you.
You visited 2 branches of the dungeon, and saw 13 of its levels.

You collected 2670 gold pieces.
You paid 84 gold pieces to Gozag.

Inventory:

Hand Weapons
 a - a +2 dagger of venom
 b - a +1 hunting sling of flaming
 n - a +0 hunting sling
 r - a +4 mace
 t - a +3 quarterstaff of chaos (weapon)
 L - a +0 war axe
 N - a +0 dire flail
 O - a +4 scimitar
 Q - a +3 long sword
 R - a +4 hand axe of freezing
Missiles
 h - 30 poisoned darts
 B - 3 atropa-tipped darts
Armour
 p - a +0 chain mail
 q - a +0 leather armour (worn)
 u - a +2 cloak of stealth (worn)
 A - a +2 robe of positive energy
 K - a +1 pair of gloves
 X - a +2 pair of gloves of infusion (worn)
Jewellery
 i - a ring of fire (left hand)
 l - an amulet of regeneration (around neck)
 m - the ring of Imeung {+Blink Fly rPois Int-2}
   (You found it on level 4 of the Dungeon)

   [ring of flight]

   Int:       It affects your intelligence (-2).
   rPois:     It protects you from poison.
   Fly:       It grants you flight.
   +Blink:    It lets you blink.
 w - a ring of ice
 z - a +4 ring of evasion
 C - a +6 ring of intelligence
 H - a +6 ring of strength (right hand)
 I - a +6 ring of dexterity
 M - a +6 ring of dexterity
 T - a ring of ice
 U - a ring of fire
 V - an amulet of reflection
 Y - a ring of magical power
Wands
 g - a wand of digging (1)
 k - a wand of flame (4)
 E - a wand of polymorph (10)
 F - a wand of paralysis (6) (quivered)
 P - a wand of charming (1)
Scrolls
 c - 2 scrolls of fog
 v - 3 scrolls of teleportation
 y - a scroll of enchant armour
 D - a scroll of silence
 G - 3 scrolls of magic mapping
 W - a scroll of fear
Potions
 d - 2 potions of resistance
 e - 2 potions of flight
 f - a potion of invisibility
 j - a potion of attraction
 o - 2 potions of brilliance
 s - a potion of might
 x - a potion of heal wounds
 S - a potion of ambrosia
 Z - a potion of berserk rage


   Skills:
 + Level 10.4 Fighting
 + Level 8.0 Short Blades
 + Level 8.0 Long Blades
 + Level 9.3 Axes
 + Level 10.2 Maces & Flails
 + Level 8.0 Polearms
 + Level 8.0 Staves
 + Level 8.0 Slings
 + Level 8.0 Bows
 + Level 8.0 Crossbows
 + Level 8.0 Throwing
 + Level 8.0 Armour
 + Level 9.3 Dodging
 + Level 12.4 Stealth
 + Level 8.0 Shields
 + Level 8.0 Unarmed Combat
 + Level 8.0 Spellcasting
 + Level 6.7 Conjurations
 + Level 6.7 Hexes
 + Level 6.7 Summonings
 + Level 6.7 Necromancy
 + Level 6.7 Translocations
 + Level 6.7 Transmutations
 + Level 6.7 Fire Magic
 + Level 6.7 Ice Magic
 + Level 6.7 Air Magic
 + Level 6.7 Earth Magic
 + Level 6.7 Poison Magic
 + Level 8.8 Invocations
 + Level 8.0 Evocations


You had 4 spell levels left.
You knew the following spells:

 Your Spells              Type           Power      Damage    Failure   Level
a - Corpse Rot            Necr/Air       52%        N/A       1%          2
b - Ozocubu's Armour      Ice            26%        N/A       2%          3
c - Frozen Ramparts       Ice            52%        1d7       2%          3
d - Summon Ice Beast      Ice/Summ       26%        N/A       9%          4
e - Ice Form              Ice/Tmut       26%        N/A       9%          4
f - Freezing Cloud        Conj/Ice/Air   13%        6-21      24%         5
g - Mephitic Cloud        Conj/Pois/Air  26%        N/A       2%          3

Your spell library contained the following spells:

 Spells                   Type           Power      Damage    Failure   Level
 Ignite Poison            Fire/Tmut/Pois 39%        N/A       2%          3
 Dispel Undead            Necr           26%        3d13      9%          4
 Petrify                  Tmut/Erth      26%        N/A       9%          4
 Metabolic Englaciation   Hex/Ice        13%        N/A       24%         5
 Death Channel            Necr           13%        N/A       78%         6
 Dispersal                Tloc           13%        N/A       78%         6
 Simulacrum               Ice/Necr       13%        N/A       78%         6
 Statue Form              Tmut/Erth      17%        N/A       78%         6
 Disjunction              Tloc           13%        N/A       100%        8


Dungeon Overview and Level Annotations

Branches:
Dungeon (10/15)            Temple (0/1) D:7            Lair (3/6) D:9
 Spider (0/4) Lair:2
  Swamp: Lair:2-4    Shoals: Lair:2-4       Orc: D:9-12

Altars:
Elyvilon
Fedhas
Gozag
Nemelex Xobeh
Okawaru
Ru
Vehumet
Xom
Zin

Shops:
D:5 [

Annotations:
D:8 3 runed translucent doors, zeratav's ghost, novice OpEE
Lair:1 3 runed translucent doors, jujuben's ghost, journeyman SpEn


Innate Abilities, Weirdness & Mutations

You have very sharp teeth.
Your uncanny sense of smell can sniff out nearby items.
Your experience applies equally to all skills.
You have a pair of small horns on your head.
You possess an exceptional clarity of mind.
You expend magic power (3 MP) to strengthen your wands.


Message History

Your ice beast closely misses the rime drake.
The rime drake is engulfed in noxious fumes.
The rime drake appears confused.
What are your orders? t - Bark!
Orders for allies: a - Attack new target. r - Retreat! s - Stop attacking. g - Guard the area. f - Follow me.
Anything else - Cancel.
Gang up on whom?
Press: ? - help, Dir - move target, f - death yak
Aim: a death yak Attack!
The hell rat bites you!
You feel drained.
There is a stone staircase leading down, spattered with blood here.
Casting: Summon Ice Beast (dangerous; 9% risk of failure)
Confirm with . or Enter, or press ? or * to list all spells.
Casting: Frozen Ramparts (mildly dangerous; 2% risk of failure)
Press: ? - help, Dir - look around, f - activate A stone staircase leading down, spattered with blood.
The walls around you are covered in ice.
The wall freezes the hell rat.
The hell rat bites you!
You feel drained.
Casting: Frozen Ramparts (mildly dangerous; 2% risk of failure)
Confirm with . or Enter, or press ? or * to list all spells.
A film of ice covers your body!
The wall freezes the hell rat.
The hell rat barely misses you.
The wall freezes the death yak.
The death yak gores you but does no damage.
You sock the hell rat!
You kill the hell rat!
You hit the death yak.
The death yak goes berserk!
Your bite misses the death yak.
The death yak is lightly wounded.
The wall freezes the death yak.
The death yak gores you!!
Your ice beast hits the death yak.
Your ice beast freezes the death yak!
The wall freezes the death yak.
The death yak gores you!!
* * * LOW HITPOINT WARNING * * *
You feel yourself speed up.
The wall freezes the death yak.
The death yak gores you!!
You die...
Your body crumbles into a pile of gold.

#............................
#.......#.#.#................
#.P#.........................
###......##.#.#................
###P#...#.§......................
.......§.§..#.#.#Y..............$
#P...≈≈§§≈§§.....................
##...≈####§≈#.#.#................
#...≈≈§##§§..[.@YY..............
##...≈#§≈§§§#.#.#$.k.............
#....≈≈≈§≈≈≈§.................$.?
#..........§#.#.#................
##................#.........
#..........#.#.#.#.P.......
#......§#..................
##..........#.#.#...........
#...........................


You could see 2 death yaks, a rime drake (confused) and a friendly ice beast
(summoned).

Vanquished Creatures
  Rupert (Lair:3)
  Snorg (D:10)
  A boulder beetle (D:7)
  A hydra (Lair:2)
  A death yak (Lair:3)
  A deep elf pyromancer (D:7)
  A torpor snail (Lair:3)
  A black mamba (Lair:3)
  2 cane toads
  A yaktaur (shapeshifter) (D:6)
  A rime drake (Lair:1)
  6 komodo dragons
  An unseen horror (D:10)
  A troll (D:10)
  4 blink frogs
  2 jumping spiders (Lair:2)
  2 vampires (D:10)
  2 wyverns
  28 yaks
  A steam dragon (D:9)
  2 nameless horrors
  7 water moccasins
  Duvessa (D:7)
  3 orc warriors
  3 black bears
  2 ice beasts (D:5)
  11 wolves
  2 centaurs
  3 ogres
  A phantom (D:5)
  3 kobold brigands
  14 bullfrogs
  4 scorpions
  3 necrophages
  12 wights
  Dowan (D:7)
  13 killer bees
  10 howler monkeys
  3 electric eels (Lair:2)
  A lava snake (Lair:2)
  2 hounds (D:5)
  Crazy Yiuf (D:2)
  2 orc priests
  A jelly (D:7)
  Terence (D:3)
  An iguana (D:3)
  10 orc wizards
  2 hell rats (Lair:3)
  7 gnolls
  5 adders
  30 orcs
  3 ball pythons
  3 bats (D:1)
  7 endoplasms
  2 giant cockroaches
  7 goblins
  3 hobgoblins
  2 jackals (D:4)
  5 kobolds
  3 quokkas
  2 frilled lizards
  8 rats
  A butterfly (Lair:2)
266 creatures vanquished.

Vanquished Creatures (collateral kills)
  A hydra (Lair:2)
  2 cane toads
  A rime drake (Lair:1)
  A komodo dragon (Lair:1)
  2 blink frogs (Lair:2)
  A culicivora (Lair:2)
  6 yaks
  3 basilisks
  A steam dragon (D:9)
  5 water moccasins
  An orc warrior (D:9)
  2 wolves (Lair:3)
  A centaur (D:10)
  A bullfrog (D:9)
  5 killer bees (D:9)
  2 howler monkeys (D:10)
  6 kobolds (D:8)
  2 butterflies (Lair:2)
43 creatures vanquished.

Vanquished Creatures (others)
  An orc wizard (D:7)
  A hell rat (Lair:3)
  A fire vortex (Lair:2)
  27 fungi
  52 plants
82 creatures vanquished.

Grand Total: 391 creatures vanquished

Notes
Turn   | Place    | Note
-------+----------+-------------------------------------------
     0 | D:5      | Reached skill level 9 in Stealth
     0 | D:5      | croobank the Gnoll Delver began the quest for the Orb.
     0 | D:5      | Reached XP level 1. HP: 23/23 MP: 1/1
    22 | D:5      | Noticed an ogre
    28 | D:5      | Noticed an orc wizard
   148 | D:6      | Noticed an ogre
   228 | D:5      | Noticed an angel
   229 | D:5      | Found a glowing silver altar of Zin.
   284 | D:5      | Found an opulent altar of Gozag.
   284 | D:5      | Noticed an ogre
   295 | D:5      | Noticed a hound
   298 | D:5      | Noticed a necrophage
   313 | D:5      | Noticed a black bear
   314 | D:5      | Noticed a phantom
   333 | D:5      | Noticed an ice beast
   336 | D:5      | Noticed a centaur
   360 | D:4      | Reached XP level 2. HP: 18/29 MP: 2/2
   515 | D:4      | Found an iron altar of Okawaru.
   575 | D:4      | Identified the ring of Imeung {+Blink Fly rPois Int-2}
   582 | D:4      | Found a shimmering altar of Xom.
   708 | D:3      | Reached XP level 3. HP: 35/35 MP: 3/3
   773 | D:2      | Reached skill level 1 in Invocations
   831 | D:2      | Reached skill level 1 in Short Blades
   831 | D:2      | Reached skill level 1 in Long Blades
   831 | D:2      | Reached skill level 1 in Maces & Flails
   831 | D:2      | Reached skill level 1 in Polearms
   831 | D:2      | Reached skill level 1 in Staves
   831 | D:2      | Reached skill level 1 in Slings
   831 | D:2      | Reached skill level 1 in Bows
   831 | D:2      | Reached skill level 1 in Crossbows
   831 | D:2      | Reached skill level 1 in Throwing
   831 | D:2      | Reached skill level 1 in Armour
   831 | D:2      | Reached skill level 1 in Shields
   831 | D:2      | Reached skill level 1 in Unarmed Combat
   831 | D:2      | Reached skill level 1 in Spellcasting
   831 | D:2      | Reached skill level 1 in Evocations
   831 | D:2      | Reached XP level 4. HP: 35/41 MP: 5/5
   971 | D:1      | Found a faded altar of an unknown god.
  1004 | D:1      | Reached skill level 1 in Conjurations
  1004 | D:1      | Reached skill level 1 in Hexes
  1004 | D:1      | Reached skill level 1 in Summonings
  1004 | D:1      | Reached skill level 1 in Necromancy
  1004 | D:1      | Reached skill level 1 in Translocations
  1004 | D:1      | Reached skill level 1 in Transmutations
  1004 | D:1      | Reached skill level 1 in Fire Magic
  1004 | D:1      | Reached skill level 1 in Ice Magic
  1004 | D:1      | Reached skill level 1 in Air Magic
  1004 | D:1      | Reached skill level 1 in Earth Magic
  1004 | D:1      | Reached skill level 1 in Poison Magic
  1772 | D:2      | Found a runed translucent door.
  1773 | D:2      | Noticed Crazy Yiuf
  2070 | D:2      | Killed Crazy Yiuf
  2071 | D:2      | Reached XP level 5. HP: 34/47 MP: 5/7
  2113 | D:3      | Noticed Terence
  2117 | D:3      | Killed Terence
  2191 | D:3      | Reached XP level 6. HP: 53/53 MP: 8/8
  2265 | D:3      | You are sucked into a shaft and drop 3 floors!
  2303 | D:6      | Reached skill level 5 in Axes
  2303 | D:6      | Reached skill level 5 in Dodging
  2440 | D:5      | Reached XP level 7. HP: 57/59 MP: 10/10
  2720 | D:5      | Found Iliphut's Armour Boutique.
  2776 | D:5      | Reached skill level 10 in Stealth
  2781 | D:5      | Reached XP level 8. HP: 24/67 MP: 10/12
  3182 | D:5      | Became a worshipper of Gozag Ym Sagoz the Greedy
  3340 | D:6      | Noticed a shapeshifter
  3340 | D:6      | a bullfrog changed into a shapeshifter
  3340 | D:6      | Noticed a yaktaur
  3340 | D:6      | a shapeshifter changed into a yaktaur
  3345 | D:6      | Killed a yaktaur
  3566 | D:6      | Found a radiant altar of Vehumet.
  4099 | D:7      | Reached XP level 9. HP: 55/73 MP: 14/14
  4122 | D:7      | Found a white marble altar of Elyvilon.
  4229 | D:7      | Noticed Dowan
  4230 | D:7      | Noticed Duvessa
  4248 | D:7      | Learned a level 2 spell: Corpse Rot
  4252 | D:7      | Learned a level 3 spell: Ozocubu's Armour
  4459 | D:7      | Noticed a deep elf pyromancer
  4465 | D:7      | Noticed a boulder beetle
  4486 | D:7      | Killed a deep elf pyromancer
  4549 | D:7      | Reached skill level 5 in Invocations
  4769 | D:7      | Found a staircase to the Ecumenical Temple.
  4817 | D:7      | Reached XP level 10. HP: 49/80 MP: 17/17
  4864 | D:7      | Killed a boulder beetle
  4865 | D:7      | Reached skill level 5 in Short Blades
  4865 | D:7      | Reached skill level 5 in Long Blades
  4865 | D:7      | Reached skill level 5 in Maces & Flails
  4865 | D:7      | Reached skill level 5 in Polearms
  4865 | D:7      | Reached skill level 5 in Staves
  4865 | D:7      | Reached skill level 5 in Slings
  4865 | D:7      | Reached skill level 5 in Bows
  4865 | D:7      | Reached skill level 5 in Crossbows
  4865 | D:7      | Reached skill level 5 in Throwing
  4865 | D:7      | Reached skill level 5 in Armour
  4865 | D:7      | Reached skill level 5 in Shields
  4865 | D:7      | Reached skill level 5 in Unarmed Combat
  4865 | D:7      | Reached skill level 5 in Spellcasting
  4865 | D:7      | Reached skill level 5 in Evocations
  5173 | D:7      | Killed Duvessa
  5198 | D:7      | Killed Dowan
  5297 | D:7      | Found a sacrificial altar of Ru.
  5424 | D:8      | Learned a level 3 spell: Frozen Ramparts
  5429 | D:8      | Learned a level 4 spell: Summon Ice Beast
  5563 | D:8      | Found a runed translucent gate.
  5569 | D:8      | Noticed zeratav's ghost (novice OpEE)
  5578 | D:8      | Noticed a kobold demonologist
  5578 | D:8      | Found a runed translucent gate.
  5592 | D:8      | Found a runed translucent gate.
  6177 | D:9      | Reached skill level 11 in Stealth
  6670 | D:9      | Found a staircase to the Lair.
  6687 | D:9      | Learned a level 4 spell: Ice Form
  7024 | D:9      | Reached XP level 11. HP: 86/87 MP: 11/19
  7482 | D:9      | Reached skill level 5 in Conjurations
  7482 | D:9      | Reached skill level 5 in Hexes
  7482 | D:9      | Reached skill level 5 in Summonings
  7482 | D:9      | Reached skill level 5 in Necromancy
  7482 | D:9      | Reached skill level 5 in Translocations
  7482 | D:9      | Reached skill level 5 in Transmutations
  7482 | D:9      | Reached skill level 5 in Fire Magic
  7482 | D:9      | Reached skill level 5 in Ice Magic
  7482 | D:9      | Reached skill level 5 in Air Magic
  7482 | D:9      | Reached skill level 5 in Earth Magic
  7482 | D:9      | Reached skill level 5 in Poison Magic
  7877 | D:10     | Entered Level 10 of the Dungeon
  7939 | D:10     | Found a sparkling altar of Nemelex Xobeh.
  8149 | D:10     | Gained mutation: You possess an exceptional clarity of
                  | mind. [potion of mutation]
  8149 | D:10     | Gained mutation: You have a pair of small horns on your
                  | head. [potion of mutation]
  8149 | D:10     | Gained mutation: You expend magic power (3 MP) to
                  | strengthen your wands. [potion of mutation]
  8278 | D:9      | Upgraded the game from 0.29-a0-409-gd843f3a48c to
                  | 0.29-a0-414-g5075937ec3
  8499 | D:10     | Found a blossoming altar of Fedhas.
  8640 | D:10     | Noticed a boulder beetle
  8640 | D:10     | Noticed a centaur warrior
  8925 | D:10     | Noticed Snorg
  8935 | D:10     | Killed Snorg
  9390 | Lair:1   | Entered Level 1 of the Lair of Beasts
  9651 | Lair:1   | Learned a level 5 spell: Freezing Cloud
  9908 | Lair:1   | Found a runed translucent gate.
  9909 | Lair:1   | Found a runed translucent gate.
  9912 | Lair:1   | Found a runed translucent gate.
  9941 | Lair:1   | Noticed jujuben's ghost (journeyman SpEn)
 10010 | Lair:1   | Reached XP level 12. HP: 94/96 MP: 20/22
 10890 | Lair:1   | Learned a level 3 spell: Mephitic Cloud
 11244 | Lair:2   | Noticed an eight-headed hydra
 11263 | Lair:2   | Killed an eight-headed hydra
 11658 | Lair:2   | Noticed an eight-headed hydra
 11661 | Lair:2   | Reached skill level 12 in Stealth
 11683 | Lair:2   | Killed an eight-headed hydra
 11836 | Lair:2   | Reached skill level 10 in Fighting
 12243 | Lair:2   | Found a hole to the Spider Nest.
 12740 | Lair:3   | Noticed Rupert
 12761 | Lair:3   | Killed Rupert
 13234 | Lair:2   | Reached XP level 13. HP: 61/103 MP: 8/24
 13800 | Lair:3   | Reached skill level 10 in Maces & Flails
 14282 | Lair:3   | Mangled by a death yak

Illustrated notes

Levels and vault maps discovered:
D:1:      saegor_arrival_simple_e, layout_rooms,
          hellmonk_ecumenical_altar_inner_sanctum
D:2:      layout_basic, uniq_crazy_yiuf_cottage
D:3:      layout_basic, minivault_27, grunt_ministairs_2, uniq_terence
D:4:      layout_rooms, kennysheep_little_box, mainiacjoe_overflow_chevrons,
          lemuel_crystal_altar, gammafunk_ghost_grave, uniq_menkaure
D:5:      layout_gridville, old_standard_altar, zin_angel, serial_shops, shop
D:6:      layout_cave_pods, nicolae_vehumet_radiance
D:7:      layout_gridville, minitemple, temple_fountains, serial_rivers,
          chequers_serial_rivers_small_a, chequers_serial_rivers_small_3,
          chequers_serial_rivers_marsh, chequers_serial_rivers_large_b,
          chequers_serial_rivers_micro_e, chequers_serial_rivers_small_3,
          grunt_ministairs_9, minmay_manual_mess, uniq_duvessa
D:8:      layout_basic, gammafunk_ghost_nasty_kobolds
D:9:      layout_loops_corners, grunt_lair_entry_orc_guard_hut,
          minmay_fractal_squares_5
D:10:     layout_basic, amcnicky_altar_gilded, nemelex_spade_bored_becter,
          grunt_tough_drop, uniq_snorg
Lair:1:   layout_roguey, gammafunk_ghost_icy, grunt_megastairs_4,
          serial_bayou_shore_b
Lair:2:   layout_gridlike, spider_nest_entry_funnel_web,
          chequers_serial_rivers_small_b, serial_bayou_shore_a,
          lemuel_fruit_fields, lemuel_fruit_fields
Lair:3:   layout_gridlike, st_stairs_13, uniq_rupert

Skill      XL: |  1  2  3  4  5  6  7  8  9 10 11 12 13 |
---------------+----------------------------------------+-----
Stealth        | 10 11 12 | 12.4
Invocations    | 1 2 3 4 5 6 7 8 |  8.8
Short Blades   | 1 2 3 4 5 6 7 8 |  8.0
Long Blades    | 1 2 3 4 5 6 7 8 |  8.0
Maces & Flails | 1 2 3 4 6 8 9 10 | 10.2
Polearms       | 1 2 3 4 5 6 7 8 |  8.0
Staves         | 1 2 3 4 5 6 7 8 |  8.0
Slings         | 1 2 3 4 5 6 7 8 |  8.0
Bows           | 1 2 3 4 5 6 7 8 |  8.0
Crossbows      | 1 2 3 4 5 6 7 8 |  8.0
Throwing       | 1 2 3 4 5 6 7 8 |  8.0
Armour         | 1 2 3 4 5 6 7 8 |  8.0
Shields        | 1 2 3 4 5 6 7 8 |  8.0
Unarmed Combat | 1 2 3 4 5 6 7 8 |  8.0
Spellcasting   | 1 2 3 4 5 6 7 8 |  8.0
Evocations     | 1 2 3 4 5 6 7 8 |  8.0
Conjurations   | 1 2 3 4 5 6 |  6.7
Hexes          | 1 2 3 4 5 6 |  6.7
Summonings     | 1 2 3 4 5 6 |  6.7
Necromancy     | 1 2 3 4 5 6 |  6.7
Translocations | 1 2 3 4 5 6 |  6.7
Transmutations | 1 2 3 4 5 6 |  6.7
Fire Magic     | 1 2 3 4 5 6 |  6.7
Ice Magic      | 1 2 3 4 5 6 |  6.7
Air Magic      | 1 2 3 4 5 6 |  6.7
Earth Magic    | 1 2 3 4 5 6 |  6.7
Poison Magic   | 1 2 3 4 5 6 |  6.7
Axes           | 5 6 7 8 9 |  9.3
Dodging        | 5 6 7 8 9 |  9.3
Fighting       | 7 8 9 10 | 10.4

Action                   |  1- 3 |  4- 6 |  7- 9 | 10-12 | 13-15 || total
-------------------------+-------+-------+-------+-------+-------++-------
Melee: Hand axe          |    19 |       |       |    71 |       ||    90
       Bite              |     4 |    20 |    35 |    61 |     5 ||   125
       Dagger            |    18 |   115 |       |    44 |       ||   177
       Punch             |     1 |     1 |       |    10 |       ||    12
       Quarterstaff      |       |    50 |   247 |   109 |    46 ||   452
       Mace              |       |       |       |   177 |       ||   177
       Unarmed           |       |       |       |    67 |       ||    67
       Headbutt          |       |       |       |    55 |    13 ||    68
 Fire: Hunting sling     |     3 |       |       |     9 |       ||    12
Throw: Boomerang         |       |     1 |       |     1 |       ||     2
       Dart              |       |       |    12 |     3 |       ||    15
 Cast: Ozocubu's Armour  |       |       |     1 |    19 |     1 ||    21
       Summon Ice Beast  |       |       |       |    49 |     5 ||    54
       Frozen Ramparts   |       |       |       |    41 |     5 ||    46
       Ice Form          |       |       |       |     6 |       ||     6
       Freezing Cloud    |       |       |       |     9 |     3 ||    12
       Mephitic Cloud    |       |       |       |     4 |     2 ||     6
Evoke: Wand              |    16 |     3 |     2 |    16 |     3 ||    40
  Use: Scroll            |     6 |     8 |     3 |    11 |     1 ||    29
       Potion            |     1 |     4 |     5 |     7 |     1 ||    18
 Stab: Sleeping          |       |     2 |     1 |     9 |       ||    12
       Paralysed         |       |       |       |     9 |       ||     9
       Distracted        |       |       |       |     3 |       ||     3
       Confused          |       |       |       |     1 |     3 ||     4
Armor: Leather armour    |    11 |       |    30 |   162 |     6 ||   209
       Chain mail        |     9 |   119 |   106 |       |       ||   234
       Skin              |       |       |    70 |    18 |       ||    88
Dodge: Dodged            |    54 |    69 |   219 |   393 |    26 ||   761

Table legend: (Time is in decaauts)
 A = Elapsed time spent in this place.
 B = Non-inter-level travel time spent in this place.
 C = Inter-level travel time spent in this place.
 D = Time resting spent in this place.
 E = Time spent auto-exploring this place.
 F = Levels seen in this place.
 G = Mean time per level.
                   A        B        C        D        E       F      G
               +--------+--------+--------+--------+--------+-----+--------+
         Total |  14295 |  13845 |    450 |   2509 |   7225 |  13 | 1099.6 |
       Dungeon |   9395 |   9035 |    360 |   1258 |   4718 |  10 |  939.5 |
          Lair |   4900 |   4810 |     90 |   1250 |   2507 |   3 | 1633.3 |
               +--------+--------+--------+--------+--------+-----+--------+

Top non-repeatable levels by time:
  Lair:2: 2398 daAuts
     D:9: 1758 daAuts
    D:10: 1498 daAuts
     D:7: 1380 daAuts
  Lair:1: 1373 daAuts
     D:5: 1136 daAuts
  Lair:3: 1128 daAuts
     D:6: 905 daAuts
     D:2: 901 daAuts
     D:8: 796 daAuts
     D:1: 471 daAuts
     D:4: 358 daAuts
     D:3: 187 daAuts
